Map: Terraform LE (Void)

Players

Maduz - Winner!

  • Race: Zerg Zerg
  • League: Grandmaster

HzVee

  • Race: Protoss Protoss

VOD

Have the link to the VOD?

Description

Time

  • Played on: Sept. 28, 2015, 11:14 p.m.
  • Length: 10:04
Show
View Real Time Build Order
Export as new Build Order

Maduz Zerg - Winner!

Build Orders: Hatch First 

Get SALT Encoding   

  12  0:01  Drone  
  13  0:10  Drone  
  14  0:23  Overlord  
  14  0:43  Hatchery  
  14  0:47  Drone  
  14  0:48  Drone  
  15  0:54  Drone  
  16  1:02  Drone  
  17  1:10  Drone  
  18  1:31  Drone  
  18  1:32  Drone, Spawning Pool  
  19  1:56  Drone  
  20  2:07  Drone, Extractor  
  20  2:08  Drone x2  
  22  2:16  Hatchery  
  21  2:23  Spine Crawler  
  21  2:24  Drone  
  21  2:25  Spine Crawler  
  21  2:26  Spine Crawler  
  19  2:33  Zergling x4  
  19  2:34  Zergling x4  
  23  2:47  Queen  
  25  3:06  Drone x3  
  25  3:09  Overlord x2  
  27  3:35  Zergling x4  
  27  3:38  Drone x2  
  27  3:39  Drone  
  32  3:45  Spine Crawler  
  30  4:00  Metabolic Boost  
  29  4:18  Zergling x16  
  35  4:33  Queen  
  35  4:34  Queen  
  39  4:54  Drone x4  
  39  4:55  Drone x2  
  39  4:56  Drone  
  39  5:43  Zergling x16  
  39  5:44  Zergling x6  
  48  6:06  Queen  
  50  6:21  Roach Warren  
  49  6:26  Drone  
  49  6:28  Overlord x3  
  49  6:29  Spine Crawler  
  49  6:51  Extractor  
  49  6:52  Drone x2  
  49  6:53  Drone  
  51  6:57  Drone x3  
  54  7:05  Lair  
  54  7:13  Extractor  
  53  7:16  Extractor  
  52  7:28  Drone x4  
  56  7:30  Queen  
  56  7:32  Overlord  
  58  7:49  Roach x4  
  58  7:50  Roach x4  
  74  7:52  Overlord x2  
  74  7:54  Roach x4  
  82  8:17  Evolution Chamber  
  82  8:19  Evolution Chamber  
  78  8:40  Glial Reconstitution  
  78  8:48  Zergling x12  
  79  8:49  Zergling x26  
  97  9:11  Overlord x2  
  97  9:12  Overlord  
  97  9:19  Zergling x2  
  98  9:33  Drone x3  
Show
View Real Time Build Order
Export as new Build Order

HzVee Protoss 

Build Orders:  

Get SALT Encoding   

  12  0:13  Probe (Chrono Boost)  
  13  0:15  Pylon  
  13  0:23  Probe (Chrono Boost)  
  14  0:33  Probe (Chrono Boost)  
  15  0:43  Forge  
  15  1:10  Probe (Chrono Boost)  
  16  1:19  Assimilator  
  16  1:20  Probe (Chrono Boost)  
  16  1:22  Pylon  
  17  1:30  Probe (Chrono Boost)  
  18  1:38  Pylon  
  18  1:40  Probe (Chrono Boost)  
  19  1:50  Probe (Chrono Boost)  
  20  1:57  Gateway  
  20  1:58  Gateway  
  20  2:00  Probe (Chrono Boost)  
  21  2:06  Assimilator  
  21  2:12  Photon Cannon  
  21  2:30  Probe (Chrono Boost)  
  22  2:40  Probe (Chrono Boost)  
  23  2:48  Cybernetics Core  
  23  2:52  Zealot (Chrono Boost)  
  23  2:53  Zealot (Chrono Boost)  
  27  3:02  Gateway  
  27  3:08  Pylon  
  27  3:32  Adept (Chrono Boost), Zealot (Chrono Boost)  
  31  3:38  Photon Cannon  
  31  3:42  Warp Gate (Chrono Boost)  
  31  3:46  Pylon  
  31  3:49  Pylon  
  31  4:04  Probe, Adept x2  
  31  4:06  Adept  
  38  4:16  Probe  
  37  4:29  Mothership Core  
  39  4:32  Robotics Facility  
  39  4:44  Adept x2  
  43  4:46  Adept  
  41  5:14  Photon Cannon  
  41  5:17  Pylon  
  38  5:28  Photon Cannon  
  38  5:35  Zealot x3  
  44  6:02  Adept, Nexus  
  46  6:06  Pylon  
  46  6:09  Pylon  
  46  6:13  Robotics Facility  
  46  6:24  Zealot x2  
  50  6:29  Adept  
  52  6:47  Immortal  
  54  7:02  Immortal  
  58  7:12  Probe  
  59  7:19  Stalker x2  
  59  7:22  Probe  
  64  7:31  Pylon  
  64  7:32  Probe  
  65  7:41  Probe  
  66  7:45  Robotics Bay  
  66  7:51  Probe  
  67  8:01  Probe  
  68  8:07  Stalker x2  
  68  8:11  Probe  
  72  8:16  Immortal  
  77  8:21  Probe  
  76  8:31  Probe  
  76  8:33  Stalker x2  
  75  8:36  Stalker  
  77  8:52  Probe  
  78  8:57  Assimilator  
  78  9:00  Assimilator  
  78  9:01  Probe  
  78  9:04  Disruptor (Chrono Boost)  
  82  9:11  Probe  
  83  9:22  Probe  
  84  9:24  Nexus  
  84  9:34  Probe  
Tags
 
Add a new tag
Caveats
  • Supply blocks, unpowered buildings, or Contaminate may cause inaccurate times.
  • Supply counts are checked every 10 seconds.